 Dungeon Crawl Stone Soup version 0.25-a0-635-g0c6c292ef3 (webtiles) character file.

Game seed: 17883913809284808311, levelgen mode: deterministic

398 kae the Chopper (level 6, 0/57 HPs)
             Began as a Hill Orc Fighter on Mar 20, 2020.
             Killed from afar by an orc wizard (2 damage)
             ... with a magic dart
             ... on level 4 of the Dungeon.
             The game lasted 00:03:11 (2723 turns).

kae the Chopper (Hill Orc Fighter)                  Turns: 2723, Time: 00:03:12

Health: 0/57       AC: 10    Str: 21    XL:     6   Next: 83%
Magic:  6/6        EV:  5    Int:  8    God:
Gold:   213        SH:  0    Dex: 10    Spells: 5/5 levels left

rFire    . . .     SeeInvis .   a - +1 war axe
rCold    . . .     Gourm    .   c - +0 kite shield
rNeg     . . .     Faith    .   s - +1 chain mail
rPois    .         Spirit   .   (no helmet)
rElec    .         Reflect  .   (no cloak)
rCorr    .         Harm     .   (no gloves)
MR       .....                  (no boots)
Stlth    ..........             (no amulet)
HPRegen  0.19/turn              (no ring)
MPRegen  0.10/turn              (no ring)

@: confused, lethally poisoned (0 -> -22)
A: no striking features
a: no special abilities


You were on level 4 of the Dungeon.
You were not hungry.

You visited 1 branch of the dungeon, and saw 4 of its levels.

You collected 213 gold pieces.

Inventory:

Hand Weapons
 a - a +1 war axe (weapon)
Armour
 b - a +0 scale mail
 c - a +0 kite shield (worn)
 s - a +1 chain mail (worn)
Scrolls
 i - 6 scrolls of remove curse
 p - a scroll of identify
 q - a scroll of teleportation
Potions
 e - a potion of mutation
 g - a potion of haste
 j - a potion of flight
 k - 3 potions of brilliance {unknown}
 l - a potion of lignification
 n - a potion of resistance
 o - a potion of curing {unknown}
 t - 3 potions of degeneration {unknown}
Comestibles
 f - 6 rations
 h - 2 chunks of flesh


   Skills:
 + Level 5.9 Fighting
 * Level 7.8 Axes
 - Level 3.2 Armour
 - Level 3.2 Shields


You had 5 spell levels left.
You didn't know any spells.
Your spell library contained the following spells:

 Spells                   Type           Power        Failure   Level  Hunger
 Animate Skeleton         Necr           N/A          100%        1    ##.....
 Pain                     Necr           #...         100%        1    ##.....
 Vampiric Draining        Necr           #.........   100%        3    ####...
 Animate Dead             Necr           N/A          100%        4    #####..
 Agony                    Necr           #.......     100%        5    ######.


Dungeon Overview and Level Annotations

Branches:
Dungeon (4/15)
 Temple: D:4-7

Altars:
Ru


Message History

You hear some strange, mumbled words.
You are confused.
You miss the orc. You miss something.
* * * LOW HITPOINT WARNING * * *
You feel very sick. The orc hits you but does no damage.
Something hits you but does no damage. The orc hits you.
* * * LOW HITPOINT WARNING * * *
You completely miss something.
Your chain mail prevents you from hitting the orc.
* * * LOW HITPOINT WARNING * * *
You feel sick. Something hits you but does no damage. The orc hits you.
* * * LOW HITPOINT WARNING * * *
You bump into the rock wall.
* * * LOW HITPOINT WARNING * * *
You feel very sick.
You hear some strange, mumbled words.
A magic dart appears from out of thin air!
The magic dart hits you.
You die...

#.# .#.
#.# ...
#.# ..
#.#..
#.#. #..
#)# #o##
#@.#
##.#
#.##
###..###
#......#
#......#
#......#
#
#......#
.
#......#
#


You could see an orc.

Vanquished Creatures
  A water moccasin skeleton (D:3)
  An orc priest (D:3)
  4 orc wizards
  2 hound skeletons (D:4)
  4 gnolls (D:2)
  4 adders
  3 oozes (D:1)
  3 worms
  2 dart slugs (D:2)
  8 orcs (D:3)
  10 bats
  7 giant cockroaches
  7 goblins
  9 hobgoblins
  6 jackals (D:1)
  10 kobolds
  4 frilled lizards
  13 rats
98 creatures vanquished.

Notes
Turn   | Place    | Note
-------+----------+-------------------------------------------
     0 | D:1      | kae the Hill Orc Fighter began the quest for the Orb.
     0 | D:1      | Reached XP level 1. HP: 19/19 MP: 1/1
     1 | D:1      | Found a runed translucent door.
    42 | D:1      | Reached skill level 3 in Axes
    49 | D:1      | Reached XP level 2. HP: 27/27 MP: 2/2
    63 | D:1      | Reached skill level 4 in Axes
    63 | D:1      | Reached XP level 3. HP: 30/33 MP: 3/3
   439 | D:1      | Reached XP level 4. HP: 40/41 MP: 4/4
   516 | D:2      | Reached skill level 5 in Axes
   919 | D:2      | You fall into a shaft and drop 1 floor!
   920 | D:3      | Found a sacrificial altar of Ru.
   958 | D:3      | Reached XP level 5. HP: 36/47 MP: 5/5
   964 | D:3      | Reached skill level 5 in Fighting
   964 | D:3      | Reached skill level 6 in Axes
  2119 | D:3      | Reached XP level 6. HP: 52/56 MP: 6/6
  2257 | D:3      | Reached skill level 7 in Axes
  2723 | D:4      | HP: 2/57 [poisoned by an orc wizard]
  2723 | D:4      | Killed from afar by an orc wizard

Levels and vault maps discovered:
D:1:      dpeg_arrival_caged_fury, layout_rooms
D:2:      layout_basic, first_ration
D:3:      layout_rooms, nicolae_ru_sacrificial_ziggurat
D:4:      wander_river, layout_basic, dk_rats_in_the_wall

Skill      XL: |  1  2  3  4  5  6 |
---------------+-------------------+-----
Axes           | 3 4 5 6 7 |  7.8
Fighting       | 4 5 |  5.9
Armour         | |  3.2
Shields        | |  3.2

Action                   |  1- 3 |  4- 6 || total
-------------------------+-------+-------++-------
Melee: War axe           |    94 |   216 ||   310
  Use: Potion            |     1 |     2 ||     3
       Scroll            |       |    14 ||    14
  Eat: Chunk             |       |     6 ||     6
Armor: Scale mail        |    45 |    42 ||    87
       Chain mail        |       |    56 ||    56
Dodge: Dodged            |    26 |    59 ||    85
Block: Kite shield       |    48 |    78 ||   126

Table legend:
 A = Non-vault XP
 B = Vault XP
 C = Vault XP percentage of total XP
 D = Non-vault monster count
 E = Vault monster count
 F = Vault count percentage of total count
                 A         B        C        D         E       F
            +---------+---------+-------+---------+---------+-------
      Total |     526 |      43 |   7.6 |      83 |      15 |  15.3
            +---------+---------+-------+---------+---------+-------
        D:1 |      40 |      43 |  51.8 |      24 |      15 |  38.5
        D:2 |     107 |       0 |   0.0 |      25 |       0 |   0.0
        D:3 |     259 |       0 |   0.0 |      26 |       0 |   0.0
        D:4 |     120 |       0 |   0.0 |       8 |       0 |   0.0
            +---------+---------+-------+---------+---------+-------
